PAAA
MILTON DOGFISH HEAD @ FLORIDA MEN
09/15/2025
 
TOP OF THE 1ST
Milton Dogfish Head batting - Pitching for Florida Men : RHP Jorge Silva
Pitching: RHP Jorge Silva
Batting: RHB David Sánchez 0-0: Called Strike
0-1: Ball
1-1: Ground out 6-3 (Groundball, 6)
Batting: LHB Víctor Robledo 0-0: Ball
1-0: Ball
2-0: Called Strike
2-1: Swinging Strike
2-2: Foul Ball, location: 2F
2-2: Foul Ball, location: 2F
2-2: Ball
3-2: Base on Balls
Batting: LHB Floyd Long 0-0: Ball
1-0: Called Strike
Víctor Robledo is caught stealing 2nd base
1-1: Swinging Strike
1-2: Ball
2-2: Ball
3-2: Base on Balls
Batting: RHB Roy Childress 0-0: Ball
1-0: Ball
2-0: Called Strike
2-1: Called Strike
2-2: Foul Ball, location: 2F
2-2: Foul Ball, location: 2F
2-2: 2-RUN HOME RUN (Flyball, 78XD), Distance : 426 ft
Batting: RHB Jeff Bass 0-0: Ball
1-0: Fly out, F9 (Flyball, 9S)
Top of the 1st over - 2 run(s), 1 hit(s), 0 error(s), 0 left on base; Milton 2 - Florida 0
BOTTOM OF THE 1ST
Florida Men batting - Pitching for Milton Dogfish Head : RHP Juan Lara
Pitching: RHP Juan Lara
Batting: RHB Lorenzo Díaz 0-0: Ball
1-0: Foul Ball, location: 2F
1-1: Swinging Strike
1-2: Foul Ball, location: 2F
1-2: Strikes out swinging
Batting: RHB Pat Ings 0-0: Ball
1-0: Foul Ball, location: 2F
1-1: Foul Ball, location: 2F
1-2: Strikes out swinging
Batting: SHB Jim Unknown 0-0: Ground out U3 (Groundball, 34)
Bottom of the 1st over - 0 run(s), 0 hit(s), 0 error(s), 0 left on base; Milton 2 - Florida 0
TOP OF THE 2ND
Milton Dogfish Head batting - Pitching for Florida Men : RHP Jorge Silva
Batting: LHB António Ramos 0-0: Ball
1-0: Foul Ball, location: 2F
1-1: Ball
2-1: Ball
3-1: Base on Balls
Batting: RHB Jean Lemaire 0-0: Ball
1-0: Called Strike
1-1: Grounds into double play, 6-4-3 (Groundball, 6)
Batting: RHB Marcos Calderón 0-0: Called Strike
0-1: Called Strike
0-2: Ball
1-2: Ball
2-2: Strikes out swinging
Top of the 2nd over - 0 run(s), 0 hit(s), 0 error(s), 0 left on base; Milton 2 - Florida 0
BOTTOM OF THE 2ND
Florida Men batting - Pitching for Milton Dogfish Head : RHP Juan Lara
Batting: LHB Bastyão Lizardo 0-0: Ball
1-0: Called Strike
1-1: Ball
2-1: Foul Ball, location: 2F
2-2: Strikes out swinging
Batting: RHB Gilberto Patino 0-0: Ball
1-0: Ground out 4-3 (Groundball, 4)
Batting: RHB Jim Unknown 0-0: Called Strike
0-1: SOLO HOME RUN (Flyball, 78XD), Distance : 416 ft
Batting: SHB Luis Gutiérrez 0-0: Called Strike
0-1: Ball
1-1: Ball
2-1: Swinging Strike
2-2: Strikes out swinging
Bottom of the 2nd over - 1 run(s), 1 hit(s), 0 error(s), 0 left on base; Milton 2 - Florida 1
TOP OF THE 3RD
Milton Dogfish Head batting - Pitching for Florida Men : RHP Jorge Silva
Batting: SHB Theodore Buck 0-0: Ground out U3 (Groundball, 3)
Batting: RHB David Sánchez 0-0: Ball
1-0: Foul Ball, location: 2F
1-1: Foul Ball, location: 2F
1-2: Ball
2-2: Foul Ball, location: 2F
2-2: Reached on error, E5 (Groundball, 56S)
Batting: LHB Víctor Robledo 0-0: Ball
1-0: Called Strike
David Sánchez steals 2nd base
1-1: Ball
2-1: Ball
3-1: Swinging Strike
3-2: Strikes out swinging
Batting: LHB Floyd Long 0-0: Called Strike
0-1: Foul Ball, location: 2F
0-2: Ball
1-2: Fly out, F8 (Flyball, 89D)
Top of the 3rd over - 0 run(s), 0 hit(s), 1 error(s), 1 left on base; Milton 2 - Florida 1
BOTTOM OF THE 3RD
Florida Men batting - Pitching for Milton Dogfish Head : RHP Juan Lara
Batting: LHB Jim Unknown 0-0: SINGLE (Line Drive, 56)
Batting: RHB Al Thomas 0-0: Foul Ball, location: 2F
0-1: Ball
1-1: Foul Ball, location: 2F
1-2: Foul Ball, location: 2F
1-2: Ball
2-2: Foul Ball, location: 2F
2-2: Foul Ball, location: 2F
2-2: Foul Ball, location: 2F
2-2: Strikes out looking
Batting: RHB Lorenzo Díaz 0-0: Ball
1-0: Foul Ball, location: 2F
1-1: Ball
2-1: Reached on error, E1 (Groundball, 13)
Jim Unknown to second
Batting: RHB Pat Ings 0-0: Ball
1-0: Ball
2-0: Called Strike
2-1: Ball
3-1: Called Strike
3-2: Foul Ball, location: 2F
3-2: Foul Ball, location: 2F
3-2: Foul Ball, location: 2F
3-2: Base on Balls
Jim Unknown to third
Lorenzo Díaz to second
Batting: SHB Jim Unknown 0-0: Swinging Strike
0-1: Ball
1-1: Ball
2-1: Fly out, F8 (Flyball, 8RS)
Batting: LHB Bastyão Lizardo 0-0: Called Strike
0-1: Called Strike
0-2: Foul Ball, location: 2F
0-2: Foul Ball, location: 2F
0-2: Fielders Choice at 2nd, 6-4 (Groundball, 6)
Bottom of the 3rd over - 0 run(s), 1 hit(s), 1 error(s), 2 left on base; Milton 2 - Florida 1
TOP OF THE 4TH
Milton Dogfish Head batting - Pitching for Florida Men : RHP Jorge Silva
Batting: RHB Roy Childress 0-0: Ground out 2-3 (Groundball, 15S)
Batting: RHB Jeff Bass 0-0: Ball
1-0: Ball
2-0: Ball
3-0: Called Strike
3-1: Base on Balls
Batting: LHB António Ramos 0-0: Called Strike
0-1: Ball
1-1: Called Strike
1-2: Grounds into double play, 4-6-3 (Groundball, 34)
Top of the 4th over - 0 run(s), 0 hit(s), 0 error(s), 0 left on base; Milton 2 - Florida 1
BOTTOM OF THE 4TH
Florida Men batting - Pitching for Milton Dogfish Head : RHP Juan Lara
Batting: RHB Gilberto Patino 0-0: Foul Ball, location: 2F
0-1: SINGLE (Line Drive, 8LS)
Batting: RHB Jim Unknown 0-0: Fielders Choice at 2nd, 4-6 (Groundball, 4M)
Batting: SHB Luis Gutiérrez 0-0: Called Strike
0-1: Ball
1-1: Foul Ball, location: 2F
1-2: Fly out, F9 (Flyball, 89XD)
Batting: LHB Jim Unknown 0-0: Called Strike
0-1: Ball
1-1: Ball
2-1: Ball
3-1: Foul Ball, location: 2F
3-2: Strikes out looking
Bottom of the 4th over - 0 run(s), 1 hit(s), 0 error(s), 1 left on base; Milton 2 - Florida 1
TOP OF THE 5TH
Milton Dogfish Head batting - Pitching for Florida Men : RHP Jorge Silva
Batting: RHB Jean Lemaire 0-0: Called Strike
0-1: Called Strike
0-2: Ball
1-2: Ball
2-2: Ball
3-2: Base on Balls
Batting: RHB Marcos Calderón 0-0: Bunt missed!
0-1: Bunted foul
0-2: 2-RUN HOME RUN (Flyball, 7D), Distance : 381 ft
Batting: SHB Theodore Buck 0-0: Ground out U3 (Groundball, 34)
Batting: RHB David Sánchez 0-0: Ball
1-0: Fly out, F7 (Flyball, 7)
Batting: LHB Víctor Robledo 0-0: Ball
1-0: Foul Ball, location: 2F
1-1: Foul Ball, location: 2F
1-2: Strikes out looking
Top of the 5th over - 2 run(s), 1 hit(s), 0 error(s), 0 left on base; Milton 4 - Florida 1
BOTTOM OF THE 5TH
Florida Men batting - Pitching for Milton Dogfish Head : RHP Juan Lara
Batting: RHB Al Thomas 0-0: Ground out 6-3 (Groundball, 6)
Batting: RHB Lorenzo Díaz 0-0: Fly out, F7 (Flyball, 78M)
Batting: RHB Pat Ings 0-0: Ground out 4-3 (Groundball, 4M)
Bottom of the 5th over - 0 run(s), 0 hit(s), 0 error(s), 0 left on base; Milton 4 - Florida 1
TOP OF THE 6TH
Milton Dogfish Head batting - Pitching for Florida Men : RHP Jorge Silva
Batting: LHB Floyd Long 0-0: Ball
1-0: Ball
2-0: Foul Ball, location: 2F
2-1: Swinging Strike
2-2: Ball
3-2: Fly out, F8 (Flyball, 78D)
Batting: RHB Roy Childress 0-0: Ball
1-0: Foul Ball, location: 2F
1-1: Ground out 6-3 (Groundball, 6)
Batting: RHB Jeff Bass 0-0: Ball
1-0: Ball
2-0: Ground out 5-3 (Groundball, 56S)
Top of the 6th over - 0 run(s), 0 hit(s), 0 error(s), 0 left on base; Milton 4 - Florida 1
BOTTOM OF THE 6TH
Florida Men batting - Pitching for Milton Dogfish Head : RHP Juan Lara
Batting: SHB Jim Unknown 0-0: Swinging Strike
0-1: SINGLE (Line Drive, 34D)
Batting: LHB Bastyão Lizardo 0-0: Called Strike
Balk!
Jim Unknown to second
0-1: Ground out 4-3 (Groundball, 4)
Jim Unknown to third
Batting: RHB Gilberto Patino 0-0: Swinging Strike
0-1: 2-RUN HOME RUN (Flyball, 9D), Distance : 368 ft
Batting: RHB Jim Unknown 0-0: Ball
1-0: Foul Ball, location: 2F
1-1: Ball
2-1: Foul Ball, location: 2F
2-2: Foul Ball, location: 2F
2-2: Strikes out swinging
Batting: SHB Luis Gutiérrez 0-0: Ball
1-0: Foul Ball, location: 2F
1-1: SINGLE (Groundball, 3D)
Batting: LHB Jim Unknown 0-0: Ball
1-0: Called Strike
1-1: SINGLE (Line Drive, 56D)
Luis Gutiérrez to second
Batting: RHB Al Thomas 0-0: SINGLE (Groundball, 4) (infield hit)
Luis Gutiérrez to third
Jim Unknown to second
Batting: RHB Lorenzo Díaz 0-0: Called Strike
0-1: Ball
1-1: Ball
2-1: SINGLE (Line Drive, 6MD)
Luis Gutiérrez scores
Jim Unknown to third
Al Thomas to second
Batting: RHB Pat Ings 0-0: Called Strike
0-1: Fly out, F9 (Flyball, 9S)
Bottom of the 6th over - 3 run(s), 6 hit(s), 0 error(s), 3 left on base; Milton 4 - Florida 4
TOP OF THE 7TH
Milton Dogfish Head batting - Pitching for Florida Men : RHP Jorge Silva
Batting: LHB António Ramos 0-0: Ball
1-0: Ball
2-0: Ball
3-0: Called Strike
3-1: Called Strike
3-2: Base on Balls
Batting: RHB Jean Lemaire 0-0: Sac Bunt - play at first, batter OUT! 1-4
António Ramos to second
Pinch Hitting: LHB Ye Der 0-0: Intentional Walk
Pinch Hitting: LHB Jim Unknown 0-0: Called Strike
0-1: Called Strike
0-2: Ball
1-2: Ball
2-2: Ball
3-2: Base on Balls
António Ramos to third
Ye Der to second
Batting: RHB David Sánchez 0-0: Ball
1-0: Ball
2-0: Grounds into fielders choice 6-2 (Groundball, 6)
Ye Der to third
Jim Unknown to second
Pitching: RHP Alberto Ríos
Batting: LHB Víctor Robledo 0-0: Foul Ball, location: 2F
0-1: Swinging Strike
0-2: Ball
1-2: GRAND SLAM HOME RUN (Flyball, 9LD), Distance : 359 ft
Batting: LHB Floyd Long 0-0: Ball
1-0: Swinging Strike
1-1: SINGLE (Flyball, 8RS)
Batting: RHB Roy Childress 0-0: Called Strike
0-1: Ball
1-1: Ball
2-1: DOUBLE (Flyball, 78D)
Floyd Long to third
Runner from 3rd tries for Home, SAFE, throw made home
Batting: RHB Jeff Bass 0-0: Ball
1-0: SINGLE (Groundball, 56D)
Roy Childress to third
Runner from 3rd tries for Home, SAFE, no throw
Batting: LHB António Ramos 0-0: Called Strike
0-1: Foul Ball, location: 2F
0-2: Ball
Jeff Bass steals 2nd base
1-2: Foul Ball, location: 2F
1-2: Ball
2-2: Foul Ball, location: 2F
2-2: Ball
3-2: SINGLE (Line Drive, 78M)
Jeff Bass to third
Jeff Bass scores
Pitching: RHP Pedro Núñez
Batting: RHB Jean Lemaire 0-0: Ball
1-0: Foul Ball, location: 2F
1-1: DOUBLE (Groundball, 5L)
António Ramos to third
Batting: LHB Ye Der 0-0: Ball
1-0: SINGLE (Groundball, 4MD)
António Ramos scores
Jean Lemaire to third
Runner from 3rd tries for Home, SAFE, no throw
Batting: LHB Jim Unknown 0-0: Called Strike
0-1: Ball
1-1: Swinging Strike
1-2: Strikes out swinging, 2-3 out at first.
Top of the 7th over - 9 run(s), 7 hit(s), 0 error(s), 1 left on base; Milton 13 - Florida 4
BOTTOM OF THE 7TH
Florida Men batting - Pitching for Milton Dogfish Head : RHP Juan Lara
Now in LF: Jim Unknown
Now in RF: Ye Der
Batting: SHB Jim Unknown 0-0: Ball
1-0: Called Strike
1-1: Ball
2-1: Fly out, F8 (Flyball, 8RM)
Pitching: RHP Carlos Valentín
Batting: LHB Bastyão Lizardo 0-0: Ball
1-0: DOUBLE (Flyball, 89D) - OUT at third base trying to stretch hit.
Batting: RHB Gilberto Patino 0-0: Called Strike
0-1: Called Strike
0-2: Strikes out looking
Bottom of the 7th over - 0 run(s), 1 hit(s), 0 error(s), 0 left on base; Milton 13 - Florida 4
TOP OF THE 8TH
Milton Dogfish Head batting - Pitching for Florida Men : RHP Pedro Núñez
Batting: RHB David Sánchez 0-0: Called Strike
0-1: Ball
1-1: Ball
2-1: Called Strike
2-2: Ball
3-2: Foul Ball, location: 2F
3-2: DOUBLE (Line Drive, 8LD)
Batting: LHB Víctor Robledo 0-0: Ground out 6-3 (Groundball, 6)
Batting: LHB Floyd Long 0-0: Called Strike
0-1: Ball
1-1: Swinging Strike
1-2: Ball
2-2: Ball
3-2: Foul Ball, location: 2F
3-2: Fly out, F8 (Line Drive, 8LM)
Batting: RHB Roy Childress 0-0: Called Strike
0-1: Foul Ball, location: 2F
0-2: Ball
1-2: Foul Ball, location: 2F
1-2: Strikes out swinging
Top of the 8th over - 0 run(s), 1 hit(s), 0 error(s), 1 left on base; Milton 13 - Florida 4
BOTTOM OF THE 8TH
Florida Men batting - Pitching for Milton Dogfish Head : RHP Carlos Valentín
Batting: RHB Jim Unknown 0-0: Ball
1-0: Ball
2-0: Called Strike
2-1: Ball
3-1: Base on Balls
Batting: SHB Luis Gutiérrez 0-0: SINGLE (Flyball, 78S)
Jim Unknown to second
Batting: LHB Jim Unknown 0-0: Ball
1-0: Ball
2-0: Called Strike
2-1: Swinging Strike
2-2: Strikes out swinging
Batting: RHB Al Thomas 0-0: Ball
1-0: Ball
2-0: Foul Ball, location: 2F
2-1: Swinging Strike
2-2: Fly out, F8 (Flyball, 8RS)
Batting: RHB Lorenzo Díaz 0-0: Called Strike
0-1: Called Strike
0-2: Fielders Choice at 2nd, 6-4 (Groundball, 6)
Bottom of the 8th over - 0 run(s), 1 hit(s), 0 error(s), 1 left on base; Milton 13 - Florida 4
TOP OF THE 9TH
Milton Dogfish Head batting - Pitching for Florida Men : RHP Pedro Núñez
Batting: RHB Jeff Bass 0-0: Called Strike
0-1: Swinging Strike
0-2: Strikes out swinging, 2-3 out at first.
Batting: LHB António Ramos 0-0: Called Strike
0-1: Ball
1-1: SINGLE (Line Drive, 8LS)
Batting: RHB Jean Lemaire 0-0: Fielders Choice at 2nd, 1-6 (Groundball, 13)
Batting: LHB Ye Der 0-0: Called Strike
0-1: Called Strike
0-2: Fly out, F8 (Flyball, 8RXD)
Top of the 9th over - 0 run(s), 1 hit(s), 0 error(s), 1 left on base; Milton 13 - Florida 4
BOTTOM OF THE 9TH
Florida Men batting - Pitching for Milton Dogfish Head : RHP Carlos Valentín
Batting: RHB Pat Ings 0-0: Ball
1-0: Ball
2-0: Ball
3-0: Called Strike
3-1: Foul Ball, location: 2F
3-2: Foul Ball, location: 2F
3-2: Foul Ball, location: 2F
3-2: Hit by Pitch
Batting: SHB Jim Unknown 0-0: Called Strike
0-1: Ball
1-1: Ball
2-1: Ball
3-1: Base on Balls
Pat Ings to second
Batting: LHB Bastyão Lizardo 0-0: Called Strike
0-1: 3-RUN HOME RUN (Flyball, 9D), Distance : 381 ft
Pitching: LHP Jim Unknown
Batting: RHB Gilberto Patino 0-0: Ball
1-0: Called Strike
1-1: Ball
2-1: Ground out 5-3 (Groundball, 5)
Batting: RHB Jim Unknown 0-0: Called Strike
0-1: Ball
1-1: SOLO HOME RUN (Flyball, 7D), Distance : 370 ft
Pitching: RHP Jim Unknown
Batting: SHB Luis Gutiérrez 0-0: Ball
1-0: Ball
2-0: Ball
3-0: Base on Balls
Batting: LHB Jim Unknown 0-0: Called Strike
0-1: Called Strike
0-2: Ball
1-2: Foul Ball, location: 2F
1-2: Strikes out looking
Batting: RHB Al Thomas 0-0: Foul Ball, location: 2F
0-1: Foul Ball, location: 2F
0-2: Fielders Choice at 2nd, 5-4 (Groundball, 56)
Bottom of the 9th over - 4 run(s), 2 hit(s), 0 error(s), 0 left on base; Milton 13 - Florida 8
Friday, December 30th, 2016 - OOTP Baseball 17.12 Build 75